 Dungeon Crawl Stone Soup version 0.13.0-13-g27bfa31 (webtiles) character file.

463 M4edhros the Covert (level 6, -11/39 HPs)
             Began as an Octopode Artificer on Oct 19, 2013.
             Mangled by an ice beast (14 damage)
             ... on Level 5 of the Dungeon.
             The game lasted 00:02:14 (1668 turns).

M4edhros the Covert (Octopode Artificer)            Turns: 1668, Time: 00:02:14

HP -11/39        AC  1     Str 10      XL: 6   Next: 58%
MP   9/9         EV 12     Int 17      God:
Gold 118         SH  0     Dex 12      Spells:  0 memorised,  5 levels left

Res.Fire  : . . .   See Invis. : .   a - +0 short sword
Res.Cold  : . . .   Warding    : .   (no shield)
Life Prot.: . . .   Conserve   : .   (helmet restricted)
Res.Poison: .       Res.Corr.  : .   (no amulet)
Res.Elec. : .       Clarity    : .   (no ring)
Sust.Abil.: . .     Spirit.Shd : .   (no ring)
Res.Mut.  : .       Stasis     : .   (no ring)
Res.Rott. : .       Flight     : .   (no ring)
Saprovore : . . .                    (no ring)
                                     (no ring)
                                     (no ring)
                                     (no ring)

@: slightly resistant to hostile enchantments, extremely stealthy
A: almost no armour, amphibious, 8 rings, constrict 8, camouflage 1, AC +1
a: no special abilities


You were on level 5 of the Dungeon.
You were near starving.

You visited 1 branch of the dungeon, and saw 5 of its levels.

You collected 98 gold pieces.

Inventory:

Hand weapons
 a - a +0,+0 short sword (weapon)
Magical devices
 b - a wand of flame (8)
 c - a wand of enslavement (15)
 d - a wand of random effects (15)
Comestibles
 f - a bread ration
 i - a choko
 n - a meat ration
Scrolls
 j - a scroll of amnesia {unknown}
 l - a scroll of curse armour {unknown}
 m - a scroll of recharging
Jewellery
 e - an uncursed amulet of faith {unknown}
Potions
 g - a potion of mutation {unknown}
 h - 2 potions of brilliance {unknown}
 k - 2 potions of curing {unknown}


   Skills:
 - Level 1.0 Fighting
 - Level 1.0 Short Blades
 - Level 2.0 Dodging
 + Level 9.3 Stealth
 - Level 3.2 Evocations


You had 5 spell levels left.
You didn't know any spells.

Dungeon Overview and Level Annotations

Branches:
Dungeon (5/27)
 Temple: D:4-7

Altars:
Elyvilon


Innate Abilities, Weirdness & Mutations

You cannot wear most types of armour.
You are amphibious.
You can wear up to eight rings at the same time.
You can use your tentacles to constrict many enemies at once.
Your skin changes colour to match your surroundings (Stlth).
Your rubbery body absorbs attacks (AC +1).


Message History

The ice beast is heavily wounded.
The ice beast hits you. The ice beast freezes you.
Evoke which item? (* to show all) (? for menu, Esc to quit)
Zapping:
b - a wand of flame (10)
Press: ? - help, Shift-Dir - straight line, f - ice beast
Aim: an ice beast (heavily wounded)
The puff of flame hits the ice beast.
The ice beast melts!
The ice beast is almost dead.
This wand has 9 charges left.
The ice beast hits you. The ice beast freezes you!
* * * LOW HITPOINT WARNING * * *
Evoke which item? (* to show all) (? for menu, Esc to quit)
Zapping:
b - a wand of flame (9)
Press: ? - help, Shift-Dir - straight line, f/p - ice beast
Aim: an ice beast (almost dead)
The puff of flame misses the ice beast.
This wand has 8 charges left.
The ice beast hits you.
* * * LOW HITPOINT WARNING * * *
The ice beast freezes you!
You die...

### ############# ...
..............
#.#########....)..
#.#.......#.######
#.#.......#.#.....
#I#......)#.#.....
#######@######'##.#.....
...................#.....
..................######
........................
........................
.#########.#.8.8.8.....
#.#..⌠.⌠...###
#.#.8...8..#..
#....⌠.⌠...#..


You could see an ice beast.

Vanquished Creatures
  Grinder (D:3)
  A hound (D:4)
  An iguana (D:4)
  An adder (D:4)
  A giant mite (D:4)
  An inept feature mimic (D:5)
  2 giant geckos
  6 orcs (D:4)
  A bat skeleton (D:4)
  A giant cockroach (D:4)
  3 goblins
  5 hobgoblins
  A quokka (D:5)
  A bat (D:4)
  A giant newt (D:1)
  A jackal skeleton (D:4)
  4 kobolds
  7 rats
39 creatures vanquished.

Notes
Turn   | Place    | Note
--------------------------------------------------------------
     0 | D:1      | M4edhros, the Octopode Artificer, began the quest for the Orb.
     0 | D:1      | Reached XP level 1. HP: 14/14 MP: 1/1
   197 | D:1      | Reached XP level 2. HP: 13/19 MP: 3/3
   333 | D:3      | Noticed Grinder
   333 | D:3      | Paralysed by Grinder for 4 turns
   343 | D:3      | Killed Grinder
   343 | D:3      | Reached skill level 8 in Stealth
   343 | D:3      | Reached XP level 3. HP: 13/24 MP: 4/4
   343 | D:3      | Reached XP level 4. HP: 15/29 MP: 6/6
   343 | D:3      | Reached XP level 5. HP: 17/34 MP: 7/7
   343 | D:3      | Reached XP level 6. HP: 19/39 MP: 9/9
   713 | D:4      | Reached skill level 9 in Stealth
  1473 | D:5      | Entered Level 5 of the Dungeon
  1493 | D:5      | Found a white marble altar of Elyvilon.
  1630 | D:5      | Found a staircase to the Ecumenical Temple.
  1648 | D:5      | the staircase to the Ecumenical Temple was a mimic.
  1668 | D:5      | Mangled by an ice beast

Action                   |  1- 3 |  4- 6 || total
-------------------------+-------+-------++-------
Melee: Short sword       |    14 |    62 ||    76
       Morningstar       |     3 |     3 ||     6
Evoke: Wand              |     4 |     3 ||     7
  Use: Scroll            |     2 |     3 ||     5
 Stab: Sleeping          |     2 |    14 ||    16
       Distracted        |       |     1 ||     1
